 Dungeon Crawl Stone Soup version 0.20-a0-855-gd83b866 (webtiles) character file.

201 Foodle the Skirmisher (level 5, -6/54 HPs)
             Began as a Troll Monk on Mar 11, 2017.
             Mangled by a vampire (13 damage)
             ... on level 2 of the Abyss.
             The game lasted 00:20:11 (2391 turns).

Foodle the Skirmisher (Troll Monk)                  Turns: 2391, Time: 00:20:11

Health: -6/54      AC:  5    Str: 20    XL:     5   Next: 50%
Magic:  4/4        EV: 11    Int:  6    God:
Gold:   115        SH:  0    Dex: 16    Spells: 4/4 levels left

rFire    . . .     SeeInvis .     - Unarmed
rCold    . . .     Gourm    +   a - +0 robe
rNeg     . . .     Faith    .   (no shield)
rPois    .         Spirit   .   (helmet restricted)
rElec    .         Reflect  .   (no cloak)
rCorr    .         Harm     .   (gloves unavailable)
MR       .....                  (boots unavailable)
Stlth    +.........             (no amulet)
Regen    0.6/turn               (no ring)
MPRegen  0.1/turn               l - +4 ring of dexterity

@: confused, drained
A: unfitting armour, claws 3, fast metabolism 3, gourmand, regeneration 1,
shaggy fur 1, tough skin 2
a: no special abilities


You were on level 2 of the Abyss.
You were full.

You visited 1 branch of the dungeon, and saw 3 of its levels.
You visited the Abyss 1 time.

You collected 115 gold pieces.

Inventory:

Armour
 a - a +0 robe (worn)
 d - a cursed -2 pair of boots
Jewellery
 g - a cursed ring of loudness
 l - a +4 ring of dexterity (left claw)
 r - a cursed ring of protection from fire
Scrolls
 e - 3 scrolls of remove curse
 f - 3 scrolls of recharging
 i - a scroll of identify
 k - 3 scrolls of amnesia
 o - 2 scrolls of teleportation
 s - a scroll of blinking {unknown}
Potions
 c - 2 potions of haste
 h - a potion of flight {unknown}
 j - a potion of heal wounds {unknown}
 m - 2 potions of lignification {unknown}
 n - a potion of berserk rage {unknown}
 p - a potion of ambrosia {unknown}
 q - a potion of brilliance {unknown}
Comestibles
 b - 2 bread rations
 t - 2 fruits


   Skills:
 * Level 4.0(3.6) Fighting
 + Level 3.5(3.1) Dodging
 - Level 1.0(0.7) Stealth
 + Level 3.9(3.5) Unarmed Combat


You had 4 spell levels left.
You didn't know any spells.

Dungeon Overview and Level Annotations

Branches:
Dungeon (3/15)

Altars:
Nemelex Xobeh

Annotations:
D:3 RebelPilot's ghost, amateur DrSk


Innate Abilities, Weirdness & Mutations

You are too large for most types of armour.
You have claws for hands.
Your metabolism is lightning-fast.
You like to eat raw meat.
Your natural rate of healing is unusually fast.
You are covered in fur. (AC +1)
You have very tough skin. (AC +2)


Message History

* * * LOW HITPOINT WARNING * * *
The vampire closely misses you.
You barely miss the vampire.
The vampire hits you but does no damage.
The vampire completely misses you.
You scratch the vampire.
The vampire is lightly damaged.
The vampire hits you.
* * * LOW HITPOINT WARNING * * *
The vampire misses you.
The vampire points at you and mumbles some strange words.
You are confused.
You bump into the rock wall.
You bump into the rock wall.
The vampire points at you and mumbles some strange words.
You are more confused.
You bump into the rock wall.
The vampire hits you!
* * * LOW HITPOINT WARNING * * *
The vampire bites you!
You die...

.#.# .....#
... # ...
... #.#
#########.#
#...@V....#
#######.#.#
.#####.#
.#.#..# #.
##. ##.##.#
#. .#.#####
# . ......#
#. ##.#####


You could see a vampire.

Vanquished Creatures
  Natasha (thrice) (D:2)
  6 adders
  An ooze (D:1)
  2 dart slugs
  3 leopard geckos
  2 orcs (D:3)
  A ball python (D:3)
  2 giant cockroaches
  6 hobgoblins
  6 jackals (D:3)
  11 bats
  5 frilled lizards
  2 goblins
  10 kobolds
  4 rats
64 creatures vanquished.

Notes
Turn   | Place    | Note
-------+----------+-------------------------------------------
     0 | D:1      | Foodle the Troll Monk began the quest for the Orb.
     0 | D:1      | Reached XP level 1. HP: 22/22 MP: 0/0
   182 | D:1      | Reached XP level 2. HP: 26/29 MP: 1/1
   396 | D:1      | Reached XP level 3. HP: 19/36 MP: 2/2
   573 | D:1      | Reached skill level 3 in Fighting
  1185 | D:2      | Reached XP level 4. HP: 40/45 MP: 3/3
  1455 | D:2      | Noticed Natasha
  1463 | D:2      | Killed Natasha
  1658 | D:2      | Noticed Natasha
  1666 | D:2      | Killed Natasha
  1668 | D:2      | Noticed Natasha
  1676 | D:2      | Killed Natasha
  1676 | D:2      | Reached XP level 5. HP: 14/54 MP: 4/4
  2169 | D:3      | Found a sparkling altar of Nemelex Xobeh.
  2187 | D:3      | Reached skill level 4 in Fighting
  2192 | D:3      | Noticed RebelPilot's ghost (amateur DrSk)
  2253 | D:3      | Cast into level 2 of the Abyss (RebelPilot's ghost)
  2310 | Abyss:2  | Noticed an apocalypse crab
  2316 | Abyss:2  | HP: 1/54 [apocalypse crab (10)]
  2318 | Abyss:2  | Noticed a red devil
  2322 | Abyss:2  | Noticed a balrug
  2322 | Abyss:2  | Noticed a red devil
  2322 | Abyss:2  | Noticed a sun demon
  2372 | Abyss:2  | Noticed a vampire
  2391 | Abyss:2  | Mangled by a vampire

Vault maps used:
D:1:      erik_arrival_cave_to_civilisation
D:2:      uniq_natasha
D:3:      first_bread, nemelex_xobeh_ov_fountains_minmay

Skill      XL: |  1  2  3  4  5 |
---------------+----------------+-----
Fighting       | 3 4 |  4.0
Dodging        | 3 |  3.5
Stealth        | |  1.0
Unarmed Combat | |  3.9

Action                   |  1- 3 |  4- 6 || total
-------------------------+-------+-------++-------
Melee: Unarmed           |    83 |    99 ||   182
       Punch             |       |     1 ||     1
  Use: Scroll            |     5 |     2 ||     7
 Stab: Sleeping          |     3 |     3 ||     6
  Eat: Bread ration      |     2 |     1 ||     3
       Chunk             |       |    11 ||    11
Armor: Robe              |    24 |    23 ||    47
Dodge: Dodged            |    38 |    48 ||    86
